 Dungeon Crawl Stone Soup version 0.30-a0-800-g7c544603b3 (webtiles) character file.

Game seed: 10660096479463032824

145 retardedninja the Shield-Bearer (level 5, -4/47 HPs)
             Began as a Gnoll Fighter on Feb 22, 2023.
             Killed by divine providence
             ... invoked by an orc priest
              (13 damage)
             ... on level 3 of the Dungeon.
             The game lasted 00:03:02 (2224 turns).

retardedninja the Shield-Bearer (Gnoll Fighter)     Turns: 2224, Time: 00:03:03

Health: -4/47      AC:  7    Str: 17    XL:     5   Next: 27%
Magic:  7/7        EV:  9    Int:  8    God:
Gold:   183        SH:  5    Dex: 11    Spells: 7/7 levels left

rFire   . . .      SeeInvis .    a - +0 war axe
rCold   . . .      Faith    .    c - +0 buckler
rNeg    . . .      Spirit   .    b - +0 scale mail
rPois   .          Reflect  .    (no helmet)
rElec   .          Harm     .    (no cloak)
rCorr   .          Rampage  .    (no gloves)
Will    .....                    (no boots) Stlth
                                 (no amulet)
HPRegen 0.27/turn                (no ring)
MPRegen 0.10/turn                (no ring)

@: mighty, lethally poisoned (-4 -> -11)
A: fangs 1, strong nose, distributed training
a: no special abilities


You were on level 3 of the Dungeon.
You visited 1 branch of the dungeon, and saw 3 of its levels.

You collected 183 gold pieces.

Inventory:

Hand Weapons
 a - a +0 war axe (weapon)
Missiles
 j - 4 javelins
 q - 3 boomerangs (quivered)
Armour
 b - a +0 scale mail (worn)
 c - a +0 buckler (worn)
Jewellery
 s - an amulet of regeneration
Scrolls
 e - a scroll of fog {unknown}
 i - a scroll of enchant armour {unknown}
 n - a scroll of noise {unknown}
 p - 3 scrolls of identify {unknown}
 r - a scroll of magic mapping {unknown}
Potions
 f - a potion of lignification {unknown}
 h - a potion of heal wounds {unknown}
 l - a potion of brilliance {unknown}
 m - a potion of berserk rage {unknown}
 o - a potion of degeneration {unknown}


   Skills:
 + Level 6.7 Fighting
 + Level 1.5 Short Blades
 + Level 1.5 Long Blades
 + Level 4.8 Axes
 + Level 1.5 Maces & Flails
 + Level 1.5 Polearms
 + Level 1.5 Staves
 + Level 1.5 Ranged Weapons
 + Level 1.5 Throwing
 + Level 6.7 Armour
 + Level 1.5 Dodging
 + Level 1.5 Stealth
 + Level 6.7 Shields
 + Level 1.5 Unarmed Combat
 + Level 1.5 Spellcasting
 + Level 1.2 Conjurations
 + Level 1.2 Hexes
 + Level 1.2 Summonings
 + Level 1.2 Necromancy
 + Level 1.2 Translocations
 + Level 1.2 Transmutations
 + Level 1.2 Fire Magic
 + Level 1.2 Ice Magic
 + Level 1.2 Air Magic
 + Level 1.2 Earth Magic
 + Level 1.2 Poison Magic
 + Level 1.7 Invocations
 + Level 1.5 Evocations


You had 7 spell levels left.
You didn't know any spells.
Your spell library contained the following spells:

 Spells                   Type           Power      Damage    Failure   Level
 Blink                    Tloc           4%         N/A       78%         2
 Scorch                   Fire           4%         2d5       78%         2
 Gell's Gravitas          Tloc           2%         N/A       95%         3
 Portal Projectile        Hex/Tloc       4%         N/A       95%         3
 Teleport Other           Tloc           2%         N/A       95%         3
 Tukima's Dance           Hex            2%         N/A       95%         3
 Flame Wave               Conj/Fire      2%         2d4       100%        4
 Manifold Assault         Tloc           2%         N/A       100%        4
 Blade Hands              Tmut           1%         N/A       100%        5
 Dispersal                Tloc           1%         N/A       100%        6
 Summon Cactus Giant      Summ           1%         N/A       100%        6
 Storm Form               Tmut/Air       1%         N/A       100%        7


Dungeon Overview and Level Annotations

Branches:
Dungeon (3/15)

Altars:
Kikubaaqudgha
The Shining One


Innate Abilities, Weirdness & Mutations

You have very sharp teeth.
Your uncanny sense of smell can sniff out nearby items.
Your experience applies equally to all skills.


Message History

You miss something.
You feel very sick. Something hits you but does no damage.
You are more poisoned.
You slash something! Your bite misses something.
You feel very sick. Something hits you but does no damage.
You are more poisoned.
It was a potion of ambrosia.
You are confused.
You feel invigorated.
You feel very sick. Something hits you.
You are lethally poisoned!
It was a potion of curing.
You feel better.
You feel less invigorated. Something hits you.
You are poisoned.
You feel very mighty all of a sudden.
You feel sick. Something hits you but does no damage.
You are more poisoned.
The orc priest looks encouraged for a moment.
You barely miss something. Your bite misses something.
You feel very sick. Something hits you but does no damage.
The orc priest casts a cantrip, but nothing happens.
You slash something!
Reactivating autopickup.
You feel a bit more experienced.
You feel very sick.
The orc priest invokes the aid of Beogh against you.
Beogh smites you!
* * * LOW HITPOINT WARNING * * *
You block the orc priest's attack.
You slash the orc priest!
The orc priest is severely wounded.
* * * LOW HITPOINT WARNING * * *
You feel very sick.
The orc priest calls down the wrath of Beogh upon you.
Beogh smites you!
You die...

#.###.###.#.#......#
#.## #.#
#.....#...##.### #.#
#.######....####.#
#.#
#..........>.......
..#
########....#######
#.. .......#....#
##. #......#....#
#.....r##.###
....[ooo@.#
......##### .....
.... ... .. .


You could see 2 orc priests, an orc and a quokka.

Vanquished Creatures
  2 orc wizards (D:3)
  A gnoll (D:3)
  An adder (D:3)
  3 worms
  4 dart slugs
  6 orcs (D:3)
  5 ball pythons
  5 endoplasms
  3 giant cockroaches
  A goblin (D:1)
  5 hobgoblins
  2 jackals (D:1)
  4 kobolds
  3 quokkas
  A bat (D:1)
  4 frilled lizards
  6 rats
56 creatures vanquished.

Notes
Turn   | Place    | Note
-------+----------+-------------------------------------------
     0 | D:1      | retardedninja the Gnoll Fighter began the quest for the
                  | Orb.
     0 | D:1      | Reached XP level 1. HP: 23/23 MP: 1/1
    94 | D:1      | Reached XP level 2. HP: 28/29 MP: 2/2
   332 | D:1      | Reached XP level 3. HP: 35/35 MP: 3/3
  1000 | D:2      | Reached skill level 1 in Invocations
  1219 | D:2      | Reached skill level 1 in Short Blades
  1219 | D:2      | Reached skill level 1 in Long Blades
  1219 | D:2      | Reached skill level 1 in Maces & Flails
  1219 | D:2      | Reached skill level 1 in Polearms
  1219 | D:2      | Reached skill level 1 in Staves
  1219 | D:2      | Reached skill level 1 in Ranged Weapons
  1219 | D:2      | Reached skill level 1 in Throwing
  1219 | D:2      | Reached skill level 1 in Dodging
  1219 | D:2      | Reached skill level 1 in Stealth
  1219 | D:2      | Reached skill level 1 in Unarmed Combat
  1219 | D:2      | Reached skill level 1 in Spellcasting
  1219 | D:2      | Reached skill level 1 in Evocations
  1471 | D:2      | Found a faded altar of an unknown god.
  1594 | D:3      | Reached XP level 4. HP: 41/41 MP: 5/5
  1665 | D:3      | Reached skill level 1 in Conjurations
  1665 | D:3      | Reached skill level 1 in Hexes
  1665 | D:3      | Reached skill level 1 in Summonings
  1665 | D:3      | Reached skill level 1 in Necromancy
  1665 | D:3      | Reached skill level 1 in Translocations
  1665 | D:3      | Reached skill level 1 in Transmutations
  1665 | D:3      | Reached skill level 1 in Fire Magic
  1665 | D:3      | Reached skill level 1 in Ice Magic
  1665 | D:3      | Reached skill level 1 in Air Magic
  1665 | D:3      | Reached skill level 1 in Earth Magic
  1665 | D:3      | Reached skill level 1 in Poison Magic
  2001 | D:3      | Reached XP level 5. HP: 29/47 MP: 5/7
  2001 | D:3      | Found a glowing golden altar of the Shining One.
  2004 | D:3      | Found an ancient bone altar of Kikubaaqudgha.
  2224 | D:3      | Killed from afar by an orc priest

Illustrated notes

Levels and vault maps discovered:
D:1:      matt_arrival_refuge, layout_basic
D:2:      layout_loops_ring, shapermc_ecumenical_altar_mp_vishouse, hex_large
D:3:      layout_basic, jmf_multi_god_temple, chequers_serial_rivers_micro_a,
          minivault_5

Skill      XL: |  1  2  3  4 |
---------------+-------------+-----
Invocations    | 1 |  1.7
Short Blades   | 1 |  1.5
Long Blades    | 1 |  1.5
Maces & Flails | 1 |  1.5
Polearms       | 1 |  1.5
Staves         | 1 |  1.5
Ranged Weapons | 1 |  1.5
Throwing       | 1 |  1.5
Dodging        | 1 |  1.5
Stealth        | 1 |  1.5
Unarmed Combat | 1 |  1.5
Spellcasting   | 1 |  1.5
Evocations     | 1 |  1.5
Conjurations   | 1 |  1.2
Hexes          | 1 |  1.2
Summonings     | 1 |  1.2
Necromancy     | 1 |  1.2
Translocations | 1 |  1.2
Transmutations | 1 |  1.2
Fire Magic     | 1 |  1.2
Ice Magic      | 1 |  1.2
Air Magic      | 1 |  1.2
Earth Magic    | 1 |  1.2
Poison Magic   | 1 |  1.2
Fighting       | |  6.7
Axes           | |  4.8
Armour         | |  6.7
Shields        | |  6.7

Action                     |  1- 3 |  4- 6 || total
---------------------------+-------+-------++-------
  Melee: War axe           |    63 |    42 ||   105
         Bite              |     5 |     6 ||    11
         Flail             |       |     8 ||     8
  Throw: Javelin           |    14 |       ||    14
         Boomerang         |     6 |    13 ||    19
    Use: Potion            |       |     3 ||     3
 Armour: Scale mail        |    28 |    21 ||    49
  Dodge: Dodged            |    20 |    13 ||    33
  Block: Buckler           |    16 |    13 ||    29

Table legend: (Time is in decaauts)
 A = Elapsed time spent in this place.
 B = Non-inter-level travel time spent in this place.
 C = Inter-level travel time spent in this place.
 D = Time resting spent in this place.
 E = Time spent auto-exploring this place.
 F = Levels seen in this place.
 G = Mean time per level.
                   A        B        C        D        E       F      G
               +--------+--------+--------+--------+--------+-----+--------+
         Total |   2274 |   2241 |     33 |      0 |   1790 |   3 |  758.0 |
       Dungeon |   2274 |   2241 |     33 |      0 |   1790 |   3 |  758.0 |
               +--------+--------+--------+--------+--------+-----+--------+

Top non-repeatable levels by time:
     D:1: 915 daAuts
     D:3: 684 daAuts
     D:2: 673 daAuts
